 Dungeon Crawl Stone Soup version 0.25-a0-1056-g2efb326896 (webtiles) character file.

Game seed: 4644436902893579621, levelgen mode: deterministic

5589 Flugslaktarn the Cleaver (level 10, -11/92 HPs)
             Began as a Deep Dwarf Fighter on May 13, 2020.
             Was a Priest of Makhleb.
             Mangled by an orc warrior
             ... wielding a +0 glaive
              (29 damage)
             ... in a bailey.
             The game lasted 00:05:02 (5120 turns).

Flugslaktarn the Cleaver (Deep Dwarf Fighter)       Turns: 5120, Time: 00:05:02

Health: -11/92     AC: 13    Str: 24    XL:     10   Next: 45%
Magic:  15/15 (6)  EV: 10    Int: 10    God:    Makhleb [***...]
Gold:   257        SH:  0    Dex: 14    Spells: 9/9 levels left

rFire    . . .     SeeInvis +   I - +7 battleaxe "Japtuome" {freeze, rPois}
rCold    + . .     Gourm    .   (shield currently unavailable)
rNeg     . . .     Faith    .   E - +0 chain mail
rPois    +         Spirit   .   (no helmet)
rElec    .         Reflect  .   J - +0 cloak
rCorr    .         Harm     .   G - +0 pair of gloves
MR       +....                  (no boots)
Stlth    ..........             (no amulet)
HPRegen  0.00/turn              A - ring "Jabett" {MP+9 Str+2 Int+2 SInv Stlth+}
MPRegen  0.14/turn              c - ring of protection from cold

@: non-regenerating
A: damage resistance, heal wounds, sense surroundings 2, no regeneration
a: Heal Wounds, Minor Destruction, Lesser Servant of Makhleb, Renounce Religion


You were in a bailey.
You worshipped Makhleb.
Makhleb was most pleased with you.
You were not hungry.

You visited 1 branch of the dungeon, and saw 9 of its levels.
You also visited: Ossuary and Bailey.

You collected 319 gold pieces.
You spent 62 gold pieces at shops.

Inventory:

Hand Weapons
 a - a +0 war axe
 p - a +4 war axe
   (You found it on level 4 of the Dungeon)
 I - the +7 battleaxe "Japtuome" (weapon) {freeze, rPois}
   (You found it on level 6 of the Dungeon)

   It has been specially enchanted to freeze those struck by it, causing extra
   injury to most foes and up to half again as much damage against particularly
   susceptible opponents.
   It can also slow down cold-blooded creatures.
   It protects you from poison.
Armour
 E - a +0 chain mail (worn)
   (You took it off an orc warrior on level 7 of the Dungeon)
 G - a +0 pair of gloves (worn)
   (You found it in an ossuary)
 J - a +0 cloak (worn)
   (You took it off Crazy Yiuf on level 7 of the Dungeon)
 L - a +0 kite shield
Jewellery
 b - an uncursed ring of see invisible {unknown}
   (You found it on level 7 of the Dungeon)
 c - a ring of protection from cold (right hand)
   (You found it on level 5 of the Dungeon)
 g - a cursed ring of teleportation {unknown}
   (You found it on level 6 of the Dungeon)
 o - a +2 ring of protection {unknown}
   (You found it on level 6 of the Dungeon)
 s - a +2 ring of dexterity
   (You found it on level 4 of the Dungeon)
 A - the ring "Jabett" (left hand) {MP+9 Str+2 Int+2 SInv Stlth+}
   (You found it on level 6 of the Dungeon)

   [ring of intelligence]

   It affects your strength (+2).
   It affects your intelligence (+2).
   It affects your magic capacity (+9).
   It lets you see invisible.
   It makes you more stealthy.
 M - a +3 ring of protection {unknown}
   (You found it on level 8 of the Dungeon)
Wands
 v - a wand of digging (5)
   (You found it on level 8 of the Dungeon)
Scrolls
 f - a scroll of enchant armour {unknown}
 r - 3 scrolls of identify
 t - 5 scrolls of teleportation
 x - 3 scrolls of remove curse
 y - a scroll of acquirement {unknown}
 B - a scroll of immolation {unknown}
 C - a scroll of noise {unknown}
 D - a scroll of amnesia {unknown}
 H - a scroll of fear
Potions
 d - 6 potions of might
 h - 2 potions of mutation {unknown}
 i - a potion of invisibility {unknown}
 j - 3 potions of flight
 k - 2 potions of degeneration {unknown}
 l - 2 potions of magic
 m - 2 potions of resistance {unknown}
 n - a potion of haste {unknown}
 q - a potion of curing
 u - 2 potions of stabbing {unknown}
 w - 3 potions of heal wounds
 z - a potion of lignification {unknown}
 F - a potion of cancellation {unknown}
Miscellaneous
 K - a phial of floods
   (You found it in a bailey)
Comestibles
 e - 10 rations


   Skills:
 + Level 6.8 Fighting
 * Level 10.7 Axes
 + Level 8.3 Armour
 + Level 3.3 Dodging
 - Level 5.8 Shields
 + Level 6.7 Invocations


You had 9 spell levels left.
You didn't know any spells.
Your spell library was empty.

Dungeon Overview and Level Annotations

Branches:
Dungeon (9/15)             Temple (0/1) D:5            Lair (0/6) D:8
Ossuary (visited)          Bailey (1/1)
    Orc: D:9-12

Altars:
Ashenzari
Dithmenos
Makhleb
Trog
Vehumet
Wu Jian
Yredelemnul
Zin

Shops:
D:5 [((!*


Innate Abilities, Weirdness & Mutations

You are resistant to damage.
You can heal yourself by infusing magical energy.
You passively map the area around you.
You do not regenerate.


Message History

You hit the orc warrior. You freeze the orc warrior. You slash the orc warrior!
You freeze the orc warrior!
The orc knight roars a battlecry!
The orc warriors go into a battle-frenzy!
The orc warrior hits you with a +0 glaive!
The orc warrior hits you from afar with a +0 glaive!!
The orc warrior hits you with a +0 glaive!!
* * * LOW HITPOINT WARNING * * *
You are too injured to fight recklessly!
You are too injured to fight recklessly!
You are too injured to fight recklessly!
You are too injured to fight recklessly!
You are too injured to fight recklessly!
You are too injured to fight recklessly!
You feel much better.
The orc knight hits you with a +0 trident!
The orc warrior hits you with a +0 glaive!!
* * * LOW HITPOINT WARNING * * *
The orc warrior hits you from afar with a +0 glaive!!
You die...

##.##≈...............≈##.##
.≈..^oo≈....o(.........≈o.^..≈
,.≈##.o#≈.....(.....(...≈#o.#*≈
,.≈≈#.#≈≈...(#######....≈≈#o#≈≈
, ..≈≈≈≈≈...(##....##(.(..≈≈≈≈≈
.........(##.....##..(.......,
,.........##..#'''##(.(...o...,
, ........(#..##∩.∩##((##......
........##.####@####(# ......
.......(##.')#ooo#)(.# ......,
.......(##.###o8.###.# ..o..
.......(##.')#|.?#)))#* .....,
.......(##.#########(# ....
.........#..##)#.##(.# , ,, ,
.........##..#'#'#..##. ,
.........(##...)...##.. , ,
..≈≈≈≈≈...(#########... ≈ ,


You could see an orc knight and 3 orc warriors.

Vanquished Creatures
  An elephant (D:8)
  2 hippogriffs
  A wyvern (D:9)
  A steam dragon (D:9)
  Eustachio (D:5)
  3 sky beasts
  6 orc warriors
  An ice beast (D:9)
  3 phantoms
  2 centaurs
  3 ogres
  2 crocodiles (D:8)
  Blork the orc (D:4)
  A big kobold (D:8)
  4 bullfrogs
  2 elf skeletons (D:7)
  A gnoll sergeant (D:8)
  2 water moccasin zombies (Ossuary)
  5 scorpions
  3 wights (D:8)
  6 killer bees (D:7)
  2 howler monkeys (D:5)
  A centaur zombie (D:5)
  A human zombie (D:7)
  5 jellies
  2 quasits
  2 crimson imps
  5 hounds
  2 bullfrog skeletons (D:8)
  Crazy Yiuf (D:7)
  A human skeleton (D:7)
  A gnoll shaman (D:7)
  2 orc wizards (D:7)
  A centaur skeleton (D:7)
  2 iguanas (D:4)
  4 worker ants
  A big kobold zombie (Ossuary)
  2 mummies (Ossuary)
  8 adders
  19 gnolls
  An ooze (D:2)
  2 adder skeletons (D:6)
  8 adder zombies
  A worm (D:2)
  2 leopard geckos
  18 orcs
  A ball python (D:4)
  2 bats
  A giant cockroach (D:4)
  9 goblins
  9 hobgoblins
  12 jackals
  5 quokkas
  3 frilled lizards
  3 gnoll zombies (Ossuary)
  7 hobgoblin zombies (Ossuary)
  3 jackal skeletons
  12 kobolds
  2 kobold zombies (Ossuary)
  An orc skeleton (D:7)
  9 orc zombies
  A quokka skeleton (D:5)
  8 rats
233 creatures vanquished.

Vanquished Creatures (others)
  A fungus (D:8)
1 creature vanquished.

Grand Total: 234 creatures vanquished

Notes
Turn   | Place    | Note
-------+----------+-------------------------------------------
     0 | D:1      | Flugslaktarn the Deep Dwarf Fighter began the quest for the
                  | Orb.
     0 | D:1      | Reached XP level 1. HP: 20/20 MP: 1/1
    67 | D:1      | Reached XP level 2. HP: 18/27 MP: 2/2
   303 | D:2      | Reached skill level 3 in Axes
   303 | D:2      | Reached XP level 3. HP: 34/34 MP: 3/3
   445 | D:2      | Found an ornate altar of the Wu Jian Council.
   456 | D:2      | Reached XP level 4. HP: 17/42 MP: 4/4
   617 | D:4      | Reached skill level 4 in Axes
   617 | D:4      | Reached XP level 5. HP: 18/49 MP: 4/4
   819 | D:4      | Noticed a phantom
   837 | D:4      | Killed a phantom
   837 | D:4      | Reached XP level 6. HP: 25/56 MP: 5/5
   987 | D:4      | Noticed Blork the orc
  1003 | D:4      | Reached skill level 5 in Axes
  1012 | D:4      | Killed Blork the orc
  1200 | D:4      | Noticed a hippogriff
  1215 | D:4      | Killed a hippogriff
  1215 | D:4      | Reached skill level 5 in Armour
  1215 | D:4      | Reached skill level 5 in Shields
  1215 | D:4      | Reached XP level 7. HP: 40/64 MP: 5/5
  1308 | D:5      | Entered Level 5 of the Dungeon
  1337 | D:5      | Reached skill level 6 in Axes
  1384 | D:5      | Found a shadowy altar of Dithmenos.
  1433 | D:5      | Noticed Eustachio
  1454 | D:5      | Killed Eustachio
  1454 | D:5      | Reached XP level 8. HP: 69/73 MP: 4/4
  1465 | D:5      | Found a burning altar of Makhleb.
  1495 | D:5      | Became a worshipper of Makhleb the Destroyer
  1512 | D:5      | Found a staircase to the Ecumenical Temple.
  1539 | D:5      | Reached skill level 7 in Axes
  1551 | D:5      | Found Daimopil's Antique Weapon Shoppe.
  1584 | D:5      | Reached skill level 1 in Invocations
  1635 | D:5      | Found Kitism Yruwa's Armour Shop.
  1728 | D:5      | Found Sicoinko's Antique Weapon Shoppe.
  1779 | D:5      | Found Xyicoero's Assorted Antiques.
  1787 | D:5      | Bought a scroll labeled DUBRURR DAZXUR for 31 gold pieces
  1787 | D:5      | Bought a scroll labeled DUBRURR DAZXUR for 31 gold pieces
  1892 | D:5      | Found Lefiyky's Distillery.
  2008 | D:6      | Found a basalt altar of Yredelemnul.
  2101 | D:6      | Reached skill level 5 in Fighting
  2145 | D:6      | Found a shattered altar of Ashenzari.
  2191 | D:6      | Got a clouded pewter ring
  2512 | D:7      | Reached skill level 8 in Axes
  2563 | D:7      | Found a runed translucent door.
  2564 | D:7      | Noticed Crazy Yiuf
  2641 | D:7      | Reached * piety under Makhleb
  2642 | D:7      | Gained mutation: You passively map the area around you.
                  | [Deep Dwarf growth]
  2642 | D:7      | Reached XP level 9. HP: 66/81 MP: 5/5
  2736 | D:7      | Identified the ring "Jabett" {MP+9 Str+2 Int+2 SInv Stlth+}
                  | (You found it on level 6 of the Dungeon)
  2885 | D:7      | Reached skill level 9 in Axes
  2892 | D:7      | Found a sand-covered staircase.
  2900 | Ossuary  | Entered an ossuary
  2982 | Ossuary  | Reached ** piety under Makhleb
  3211 | D:7      | Reached skill level 5 in Invocations
  3219 | D:7      | Found a glowing silver altar of Zin.
  3340 | D:7      | Found a radiant altar of Vehumet.
  3571 | D:7      | Killed Crazy Yiuf
  3715 | D:6      | Got a smoking battleaxe
  3721 | D:6      | Identified the +7 battleaxe "Japtuome" {freeze, rPois} (You
                  | found it on level 6 of the Dungeon)
  3927 | D:8      | Found a staircase to the Lair.
  3927 | D:8      | Noticed an elephant
  3932 | D:8      | Reached skill level 1 in Dodging
  3941 | D:8      | Killed an elephant
  3941 | D:8      | Reached skill level 10 in Axes
  3959 | D:8      | Reached XP level 10. HP: 52/92 MP: 8/8
  4102 | D:8      | Reached *** piety under Makhleb
  4254 | D:8      | Found a bloodstained altar of Trog.
  4937 | D:9      | Found a flagged portal.
  4954 | Bailey   | Entered a bailey
  5116 | Bailey   | Noticed an orc knight
  5120 | Bailey   | Mangled by an orc warrior

Illustrated notes

Levels and vault maps discovered:
D:1:      minmay_arrival_wavy_path, layout_basic
D:2:      layout_loops_cross, lemuel_round_altar, first_ration
D:3:      layout_rooms, nicolae_overflow_crystal_walls, portal_sewer_entry_d,
          item_on_display_a
D:4:      layout_loops_cross, hangedman_abyss_or_decor_jellyfish_corner,
          uniq_blork_the_orc
D:5:      layout_rooms, old_standard_altar, minmay_temple_entry_large_hall,
          serial_shops, nicolae_shop_overgrown_old_shop, shop_statue, shop,
          shop, kennysheep_mini_moat, nicolae_dithmenos_shadow_blocks,
          uniq_eustachio
D:6:      layout_rooms, evilmike_ruin_ashenzari, nicolae_overflow_hidden_temple
D:7:      layout_loops_cross, overflow_temple_1_default,
          lemuel_coloured_pillars_altar, nicolae_ossuary_entry_catacombs,
          uniq_crazy_yiuf_cottage
D:8:      layout_loops_ring, david_lair_generic, grunt_pizzeria,
          minmay_misc_feat_diagonals, trog_hazing_becter
D:9:      layout_small_grid, cheibriados_altar_1, lightli_bailey_entry_fortress,
          kennysheep_cross_room
Bailey:   bailey_polearm_2, bailey

Skill      XL: |  1  2  3  4  5  6  7  8  9 10 |
---------------+-------------------------------+-----
Fighting       | 3 4 5 6 |  6.8
Axes           | 3 4 5 6 8 10 | 10.7
Armour         | 4 5 6 7 8 |  8.3
Shields        | 4 5 |  5.8
Invocations    | 3 5 6 |  6.7
Dodging        | 2 3 |  3.3

Action                   |  1- 3 |  4- 6 |  7- 9 | 10-12 || total
-------------------------+-------+-------+-------+-------++-------
Melee: War axe           |   114 |   126 |   342 |       ||   582
       Battleaxe         |       |       |    20 |   117 ||   137
 Abil: Heal Wounds       |     1 |     6 |    12 |    10 ||    29
  Use: Scroll            |       |       |    10 |       ||    10
       Potion            |       |       |     5 |       ||     5
  Eat: Chunk             |       |     1 |     6 |     1 ||     8
       Ration            |       |       |     2 |       ||     2
Armor: Scale mail        |    60 |    73 |    96 |       ||   229
       Chain mail        |       |       |    55 |    81 ||   136
Dodge: Dodged            |    40 |    38 |   119 |   115 ||   312
Block: Kite shield       |    75 |    70 |   226 |       ||   371

Table legend:
 A = Non-vault XP
 B = Vault XP
 C = Vault XP percentage of total XP
 D = Non-vault monster count
 E = Vault monster count
 F = Vault count percentage of total count
                 A         B        C        D         E       F
            +---------+---------+-------+---------+---------+-------
      Total |    5429 |    2556 |  32.0 |     164 |      67 |  29.0
            +---------+---------+-------+---------+---------+-------
        D:1 |      26 |       0 |   0.0 |      10 |       0 |   0.0
        D:2 |     109 |       0 |   0.0 |      29 |       0 |   0.0
        D:3 |       5 |       0 |   0.0 |       3 |       0 |   0.0
        D:4 |     709 |     100 |  12.4 |      22 |       1 |   4.3
        D:5 |     655 |     181 |  21.7 |      27 |       1 |   3.6
        D:6 |     462 |       0 |   0.0 |       9 |       0 |   0.0
        D:7 |    1507 |     299 |  16.6 |      32 |       7 |  17.9
        D:8 |    1108 |    1118 |  50.2 |      23 |      11 |  32.4
        D:9 |     848 |      57 |   6.3 |       9 |       9 |  50.0
    Ossuary |       0 |     258 | 100.0 |       0 |      29 | 100.0
     Bailey |       0 |     543 | 100.0 |       0 |       9 | 100.0
            +---------+---------+-------+---------+---------+-------
